Predators vs BlackHawks

Created - March 1 2012 at 18:27

Goals
1 2 3 T
Predators 1 1 1 3
BlackHawks 0 0 0 0
Shots
1 2 3 T
Predators 8 12 19 39
BlackHawks 9 1 8 18

Period #1

1. Predators , Mikhail Grabovski 23 (Steven Stamkos, Braydon Coburn) at 15:18

Penalties :
Steven Stamkos (NSH) for Hooking (Minor) at 3:49, Patric Hornqvist (NSH) for Slashing (Minor) at 8:53

Period #2

2. Predators , Tomas Kaberle 8 (Marian Gaborik, Shea Weber) at 0:20

Penalties :
P.K. Subban (CHI) for Hooking (Minor) at 3:58, P.K. Subban (CHI) for Close Hand On Puck (Minor) at 6:13, Patric Hornqvist (NSH) for Tripping (Minor) at 8:28, Chris Neil (CHI) for Hooking (Minor) at 11:52, Mattias Ohlund (CHI) for Interference (Minor) at 18:20

Period #3

3. Predators , Nicklas Backstrom 27 (Patric Hornqvist, Zbynek Michalek) at 2:28

Penalties :
Ron Hainsey (CHI) for Hooking (Minor) at 0:20, Brandon Prust (NSH) for Roughing (Minor) at 2:29, Paul Gaustad (NSH) for Slashing (Minor) at 2:52, Brent Burns (NSH) for Hooking (Minor) at 3:13, Brandon Prust (NSH) for Hooking (Minor) at 8:48, Brent Burns (NSH) for Hooking (Minor) at 9:05, Joe Thornton (CHI) for Tripping (Minor) at 13:24, Ron Hainsey (CHI) for Hooking (Minor) at 17:41

Goalie Stats

Pekka Rinne (NSH), 18 saves from 18 shots - (1.000), W, 31-17-4, 60:00 minutes
Braden Holtby (CHI), 36 saves from 39 shots - (0.923), L, 10-16-4, 60:00 minutes

Players Stats

Predators
Player Name              G  A  P  +/- PIM S  H  SB FO    MP 
------------------------------------------------------------
Brandon Prust            0  0  0   0  4   0  0  0  0/0   7  
Braydon Coburn           0  1  1   1  0   0  4  4  0/0   22 
Brent Burns              0  0  0   1  4   3  1  0  0/0   21 
Chad LaRose              0  0  0   0  0   1  1  0  2/2   13 
Jeff Carter              0  0  0   1  0   8  1  0  1/2   17 
Jeff Woywitka            0  0  0   1  0   0  2  3  0/0   13 
Marian Gaborik           0  1  1   1  0   1  1  0  1/1   15 
Max Pacioretty           0  0  0   1  0   2  3  0  0/0   8  
Mikhail Grabovski        1  0  1   1  0   2  0  0  13/21 18 
Nicklas Backstrom        1  0  1   2  0   6  0  0  16/24 22 
Patric Hornqvist         0  1  1   1  4   2  0  0  1/1   9  
Paul Gaustad             0  0  0   0  2   0  0  0  4/13  15 
Shea Weber               0  1  1   1  0   2  1  1  0/0   23 
Simon Gagne              0  0  0   1  0   3  2  0  2/2   18 
Steven Stamkos           0  1  1   1  2   5  1  0  1/1   19 
T.J. Galiardi            0  0  0   0  0   0  0  0  5/11  7  
Tomas Kaberle            1  0  1   1  0   3  0  1  0/0   20 
Zbynek Michalek          0  1  1   1  0   1  0  0  0/0   17 
BlackHawks
Player Name              G  A  P  +/- PIM S  H  SB FO    MP 
------------------------------------------------------------
Anton Babchuk            0  0  0  -1  0   0  0  1  0/0   21 
Bryan Little             0  0  0  -1  0   3  0  0  4/21  18 
Chris Campoli            0  0  0  -1  0   0  3  2  0/0   21 
Chris Neil               0  0  0   0  2   0  3  0  0/0   8  
Cody McCormick           0  0  0   0  0   1  0  0  0/0   13 
Daniel Paille            0  0  0   0  0   0  0  0  0/0   8  
Darren Helm              0  0  0  -2  0   0  2  0  6/14  18 
Jay McClement            0  0  0   0  0   1  0  1  6/17  17 
Joe Thornton             0  0  0  -2  2   5  1  0  10/18 18 
Mark Eaton               0  0  0   0  0   0  0  2  0/0   18 
Mathieu Darche           0  0  0  -1  0   0  2  0  0/0   16 
Mats Zuccarello          0  0  0  -1  0   0  2  0  1/1   17 
Mattias Ohlund           0  0  0  -2  2   0  4  2  0/0   20 
P.K. Subban              0  0  0  -1  4   3  2  1  0/0   20 
Ron Hainsey              0  0  0  -1  4   1  0  0  0/0   18 
Samuel Pahlsson          0  0  0   0  0   2  0  0  5/7   14 
Sean Avery               0  0  0   0  0   0  3  0  0/0   11 
Tyler Kennedy            0  0  0  -2  0   2  0  0  0/0   11 

3 Stars

1 - Pekka Rinne (NSH)
2 - Nicklas Backstrom (NSH)
3 - Braydon Coburn (NSH)

Power Play

Predators - 0 on 7 Attempt(s) - 0.00%
BlackHawks - 0 on 8 Attempt(s) - 0.00%

Penalty Kill

Predators - 8 on 8 Attempt(s) - 100.00% - Score 0 goal in Penalty Kill
BlackHawks - 7 on 7 Attempt(s) - 100.00% - Score 0 goal in Penalty Kill

Game Notes

No Game Note

Finance

Level 1 -- Attendance: 6489 (99.83%) -- Ticket Income $551,565.00
Level 2 -- Attendance: 3670 (73.40%) -- Ticket Income $201,850.00
Level 3 -- Attendance: 3155 (90.14%) -- Ticket Income $94,650.00
Level 4 -- Attendance: 2521 (56.02%) -- Ticket Income $50,420.00
Luxury Box -- Attendance: 1000 (100.00%) -- Ticket Income $175,000.00
Game was played at the United Center
Total Attendance: 16835 (82.12%)
Total Ticket Income: $1,126,468.00
Other Income: $188,670.60
Total Income: $1,315,139.00


Play by Play

Period #1

0:01 of 1st period - Nicklas Backstrom wins face-off versus Joe Thornton in neutral zone.
0:08 of 1st period - Tyler Kennedy is hit by Max Pacioretty and loses puck.
0:38 of 1st period - Shot by Tyler Kennedy.
0:38 of 1st period - Shot Blocked by Shea Weber.
1:09 of 1st period - Shot by Steven Stamkos.
1:09 of 1st period - Shot Misses the Net.
1:11 of 1st period - Shot by Steven Stamkos.
1:11 of 1st period - Shot Misses the Net.
1:13 of 1st period - Shot by Mikhail Grabovski.
1:13 of 1st period - Shot Blocked by Anton Babchuk.
1:30 of 1st period - Shot by Steven Stamkos.
1:30 of 1st period - Stopped by Braden Holtby without a rebound.
1:31 of 1st period - Jay McClement wins face-off versus Nicklas Backstrom in BlackHawks zone.
1:36 of 1st period - Shot by Simon Gagne.
1:36 of 1st period - Shot Misses the Net.
1:38 of 1st period - Shot by Nicklas Backstrom.
1:38 of 1st period - Shot Misses the Net.
2:12 of 1st period - Icing by Zbynek Michalek.
2:13 of 1st period - Samuel Pahlsson wins face-off versus Nicklas Backstrom in Predators zone.
2:34 of 1st period - Shot by Mikhail Grabovski.
2:34 of 1st period - Shot Misses the Net.
2:36 of 1st period - Shot by Steven Stamkos.
2:36 of 1st period - Stopped by Braden Holtby without a rebound.
2:37 of 1st period - Paul Gaustad wins face-off versus Bryan Little in BlackHawks zone.
3:02 of 1st period - Shot by Bryan Little.
3:02 of 1st period - Shot Misses the Net.
3:49 of 1st period - Minor Penalty to Steven Stamkos for Hooking.
3:50 of 1st period - T.J. Galiardi wins face-off versus Darren Helm in Predators zone.
4:25 of 1st period - Shot by Tyler Kennedy.
4:25 of 1st period - Stopped by Pekka Rinne without a rebound.
4:26 of 1st period - Mats Zuccarello wins face-off versus T.J. Galiardi in Predators zone.
4:47 of 1st period - Shot by Ron Hainsey.
4:47 of 1st period - Stopped by Pekka Rinne without a rebound.
4:48 of 1st period - Joe Thornton wins face-off versus T.J. Galiardi in Predators zone.
5:17 of 1st period - Icing by P.K. Subban.
5:18 of 1st period - Joe Thornton wins face-off versus Paul Gaustad in BlackHawks zone.
5:24 of 1st period - Off-side.
5:25 of 1st period - Paul Gaustad wins face-off versus Bryan Little in neutral zone.
7:06 of 1st period - Shot by Mikhail Grabovski.
7:06 of 1st period - Shot Misses the Net.
7:08 of 1st period - Shot by Jeff Carter.
7:08 of 1st period - Stopped by Braden Holtby without a rebound.
7:09 of 1st period - Nicklas Backstrom wins face-off versus Samuel Pahlsson in BlackHawks zone.
7:30 of 1st period - Shot by Simon Gagne.
7:30 of 1st period - Stopped by Braden Holtby with a rebound.
7:34 of 1st period - Shot by Nicklas Backstrom.
7:34 of 1st period - Stopped by Braden Holtby without a rebound.
7:35 of 1st period - Chad LaRose wins face-off versus Bryan Little in BlackHawks zone.
8:17 of 1st period - Icing by Ron Hainsey.
8:18 of 1st period - Mikhail Grabovski wins face-off versus Bryan Little in BlackHawks zone.
8:45 of 1st period - Shot by Joe Thornton.
8:45 of 1st period - Stopped by Pekka Rinne without a rebound.
8:46 of 1st period - Nicklas Backstrom wins face-off versus Samuel Pahlsson in Predators zone.
8:46 of 1st period - Nicklas Backstrom is hit by Chris Neil.
8:53 of 1st period - Minor Penalty to Patric Hornqvist for Slashing.
8:54 of 1st period - T.J. Galiardi wins face-off versus Joe Thornton in Predators zone.
9:11 of 1st period - Icing by P.K. Subban.
9:12 of 1st period - Joe Thornton wins face-off versus T.J. Galiardi in BlackHawks zone.
10:10 of 1st period - Shot by Simon Gagne.
10:10 of 1st period - Shot Misses the Net.
10:59 of 1st period - Shea Weber is hit by Sean Avery.
11:03 of 1st period - Jay McClement is hit by Max Pacioretty and loses puck.
11:32 of 1st period - Shot by Max Pacioretty.
11:32 of 1st period - Deflect By Nicklas Backstrom.
11:32 of 1st period - Shot Blocked by Mark Eaton.
11:51 of 1st period - Icing by Nicklas Backstrom.
11:52 of 1st period - Nicklas Backstrom wins face-off versus Bryan Little in Predators zone.
12:17 of 1st period - Shot by Jeff Carter.
12:17 of 1st period - Shot Misses the Net.
12:19 of 1st period - Shot by Mikhail Grabovski.
12:19 of 1st period - Shot Misses the Net.
12:21 of 1st period - Shot by Braydon Coburn.
12:21 of 1st period - Shot Misses the Net.
13:51 of 1st period - Nicklas Backstrom is hit by Sean Avery and loses puck.
14:36 of 1st period - Shea Weber is hit by Chris Neil and loses puck.
15:00 of 1st period - Off-side.
15:01 of 1st period - Mikhail Grabovski wins face-off versus Joe Thornton in neutral zone.
15:06 of 1st period - Shot by Jeff Carter.
15:06 of 1st period - Deflect By Steven Stamkos.
15:06 of 1st period - Shot Misses the Net.
15:18 of 1st period - Shot by Mikhail Grabovski.
15:18 of 1st period - Goal by Mikhail Grabovski - Predators : 1 - BlackHawks : 0.
15:19 of 1st period - Bryan Little wins face-off versus Jeff Carter in neutral zone.
16:13 of 1st period - Icing by Paul Gaustad.
16:14 of 1st period - Joe Thornton wins face-off versus Paul Gaustad in Predators zone.
16:37 of 1st period - Shot by Tyler Kennedy.
16:37 of 1st period - Deflect By Joe Thornton.
16:37 of 1st period - Stopped by Pekka Rinne without a rebound.
16:38 of 1st period - Jay McClement wins face-off versus Nicklas Backstrom in Predators zone.
17:45 of 1st period - Shot by Chad LaRose.
17:45 of 1st period - Stopped by Braden Holtby with a rebound.
17:54 of 1st period - Icing by Mathieu Darche.
17:55 of 1st period - Mikhail Grabovski wins face-off versus Bryan Little in BlackHawks zone.
17:58 of 1st period - Shot by Jeff Carter.
17:58 of 1st period - Stopped by Braden Holtby without a rebound.
17:59 of 1st period - Joe Thornton wins face-off versus Mikhail Grabovski in BlackHawks zone.
18:09 of 1st period - Shot by P.K. Subban.
18:09 of 1st period - Stopped by Pekka Rinne with a rebound.
18:25 of 1st period - Braydon Coburn is hit by Joe Thornton and loses puck.
18:36 of 1st period - Shot by Joe Thornton.
18:36 of 1st period - Stopped by Pekka Rinne without a rebound.
18:37 of 1st period - Nicklas Backstrom wins face-off versus Bryan Little in Predators zone.
19:01 of 1st period - Jeff Woywitka is hit by Mathieu Darche and loses puck.
19:07 of 1st period - Icing by Nicklas Backstrom.
19:08 of 1st period - Nicklas Backstrom wins face-off versus Jay McClement in Predators zone.
19:08 of 1st period - Nicklas Backstrom is hit by Sean Avery.
19:15 of 1st period - Patric Hornqvist is hit by Chris Campoli and loses puck.
19:40 of 1st period - Shot by Jay McClement.
19:40 of 1st period - Stopped by Pekka Rinne without a rebound.
19:41 of 1st period - Joe Thornton wins face-off versus Mikhail Grabovski in Predators zone.
19:50 of 1st period - Shot by Joe Thornton.
19:50 of 1st period - Stopped by Pekka Rinne without a rebound.
19:51 of 1st period - Samuel Pahlsson wins face-off versus Paul Gaustad in Predators zone.
19:58 of 1st period - Shot by Samuel Pahlsson.
19:58 of 1st period - Stopped by Pekka Rinne without a rebound.
19:59 of 1st period - Mikhail Grabovski wins face-off versus Bryan Little in Predators zone.
19:59 of 1st period - Steven Stamkos is hit by Mats Zuccarello and loses puck.

Period #2

0:01 of 2nd period - Marian Gaborik wins face-off versus Joe Thornton in neutral zone.
0:08 of 2nd period - Shot by Nicklas Backstrom.
0:08 of 2nd period - Shot Misses the Net.
0:10 of 2nd period - Shot by Nicklas Backstrom.
0:10 of 2nd period - Shot Misses the Net.
0:12 of 2nd period - Shot by Tomas Kaberle.
0:12 of 2nd period - Shot Misses the Net.
0:14 of 2nd period - Shot by Nicklas Backstrom.
0:14 of 2nd period - Shot Misses the Net.
0:18 of 2nd period - Shot by Marian Gaborik.
0:18 of 2nd period - Stopped by Braden Holtby with a rebound.
0:20 of 2nd period - Shot by Tomas Kaberle.
0:20 of 2nd period - Goal by Tomas Kaberle - Predators : 2 - BlackHawks : 0.
0:21 of 2nd period - Jeff Carter wins face-off versus Bryan Little in neutral zone.
2:06 of 2nd period - Darren Helm is hit by Max Pacioretty and loses puck.
2:48 of 2nd period - Sean Avery is hit by Jeff Woywitka and loses puck.
3:06 of 2nd period - Cody McCormick is hit by Jeff Woywitka and loses puck.
3:58 of 2nd period - Minor Penalty to P.K. Subban for Hooking.
3:59 of 2nd period - Mikhail Grabovski wins face-off versus Darren Helm in BlackHawks zone.
5:33 of 2nd period - Shot by Shea Weber.
5:33 of 2nd period - Shot Blocked by Chris Campoli.
5:35 of 2nd period - Shot by Brent Burns.
5:35 of 2nd period - Shot Misses the Net.
5:39 of 2nd period - Shot by Brent Burns.
5:39 of 2nd period - Stopped by Braden Holtby without a rebound.
5:40 of 2nd period - Mikhail Grabovski wins face-off versus Bryan Little in BlackHawks zone.
5:41 of 2nd period - Shot by Steven Stamkos.
5:41 of 2nd period - Shot Misses the Net.
5:45 of 2nd period - Shot by Nicklas Backstrom.
5:45 of 2nd period - Deflect By Steven Stamkos.
5:45 of 2nd period - Shot Hit the Post.
5:47 of 2nd period - Shot by Braydon Coburn.
5:47 of 2nd period - Shot Misses the Net.
5:51 of 2nd period - Shot by Mikhail Grabovski.
5:51 of 2nd period - Deflect By Steven Stamkos.
5:51 of 2nd period - Stopped by Braden Holtby with a rebound.
5:53 of 2nd period - Shot by Braydon Coburn.
5:53 of 2nd period - Shot Blocked by Mattias Ohlund.
5:57 of 2nd period - Shot by Shea Weber.
5:57 of 2nd period - Shot Misses the Net.
6:00 of 2nd period - Icing by Mattias Ohlund.
6:01 of 2nd period - Samuel Pahlsson wins face-off versus Paul Gaustad in BlackHawks zone.
6:13 of 2nd period - Minor Penalty to P.K. Subban for Close Hand On Puck.
6:14 of 2nd period - Simon Gagne wins face-off versus Jay McClement in BlackHawks zone.
6:39 of 2nd period - Shot by Brent Burns.
6:39 of 2nd period - Stopped by Braden Holtby without a rebound.
6:40 of 2nd period - Jay McClement wins face-off versus Mikhail Grabovski in BlackHawks zone.
7:29 of 2nd period - Shot by Brent Burns.
7:29 of 2nd period - Shot Misses the Net.
7:31 of 2nd period - Shot by Jeff Carter.
7:31 of 2nd period - Stopped by Braden Holtby with a rebound.
7:33 of 2nd period - Shot by Max Pacioretty.
7:33 of 2nd period - Stopped by Braden Holtby without a rebound.
7:34 of 2nd period - Mikhail Grabovski wins face-off versus Jay McClement in BlackHawks zone.
8:28 of 2nd period - Minor Penalty to Patric Hornqvist for Tripping.
8:29 of 2nd period - T.J. Galiardi wins face-off versus Bryan Little in Predators zone.
8:42 of 2nd period - Shot by Mathieu Darche.
8:42 of 2nd period - Shot Misses the Net.
10:11 of 2nd period - Icing by Bryan Little.
10:12 of 2nd period - Paul Gaustad wins face-off versus Bryan Little in BlackHawks zone.
10:44 of 2nd period - Shot by Max Pacioretty.
10:44 of 2nd period - Stopped by Braden Holtby with a rebound.
10:46 of 2nd period - Shot by Shea Weber.
10:46 of 2nd period - Shot Misses the Net.
10:50 of 2nd period - Shot by Marian Gaborik.
10:50 of 2nd period - Shot Misses the Net.
10:52 of 2nd period - Shot by Nicklas Backstrom.
10:52 of 2nd period - Stopped by Braden Holtby without a rebound.
10:53 of 2nd period - Steven Stamkos wins face-off versus Jay McClement in BlackHawks zone.
10:54 of 2nd period - Shot by Brent Burns.
10:54 of 2nd period - Shot Misses the Net.
10:59 of 2nd period - Anton Babchuk is hit by Braydon Coburn and loses puck.
11:49 of 2nd period - Icing by Shea Weber.
11:50 of 2nd period - Samuel Pahlsson wins face-off versus Paul Gaustad in Predators zone.
11:52 of 2nd period - Minor Penalty to Chris Neil for Hooking.
11:53 of 2nd period - Darren Helm wins face-off versus Nicklas Backstrom in BlackHawks zone.
12:11 of 2nd period - Jeff Carter is hit by Mattias Ohlund and loses puck.
12:16 of 2nd period - Shot by Tomas Kaberle.
12:16 of 2nd period - Deflect By Jeff Carter.
12:16 of 2nd period - Stopped by Braden Holtby with a rebound.
12:18 of 2nd period - Shot by Simon Gagne.
12:18 of 2nd period - Shot Blocked by Mark Eaton.
12:22 of 2nd period - Shot by Nicklas Backstrom.
12:22 of 2nd period - Deflect By Simon Gagne.
12:22 of 2nd period - Shot Blocked by Mattias Ohlund.
12:24 of 2nd period - Shot by Zbynek Michalek.
12:24 of 2nd period - Stopped by Braden Holtby without a rebound.
12:25 of 2nd period - Mikhail Grabovski wins face-off versus Jay McClement in BlackHawks zone.
12:27 of 2nd period - Steven Stamkos is hit by P.K. Subban and loses puck.
12:45 of 2nd period - Shot by Braydon Coburn.
12:45 of 2nd period - Shot Misses the Net.
12:49 of 2nd period - Shot by Steven Stamkos.
12:49 of 2nd period - Shot Blocked by P.K. Subban.
13:24 of 2nd period - Shot by Brent Burns.
13:24 of 2nd period - Stopped by Braden Holtby without a rebound.
13:25 of 2nd period - Darren Helm wins face-off versus Nicklas Backstrom in BlackHawks zone.
13:54 of 2nd period - Icing by Ron Hainsey.
13:55 of 2nd period - Bryan Little wins face-off versus Paul Gaustad in BlackHawks zone.
13:55 of 2nd period - Bryan Little is hit by Chad LaRose.
15:07 of 2nd period - Icing by Braydon Coburn.
15:08 of 2nd period - Mikhail Grabovski wins face-off versus Jay McClement in Predators zone.
15:16 of 2nd period - Cody McCormick is hit by Braydon Coburn.
15:27 of 2nd period - Sean Avery is hit by Braydon Coburn and loses puck.
15:43 of 2nd period - Icing by Brent Burns.
15:44 of 2nd period - Mikhail Grabovski wins face-off versus Bryan Little in Predators zone.
15:44 of 2nd period - Steven Stamkos is hit by Mathieu Darche and loses puck.
15:49 of 2nd period - Shot by Bryan Little.
15:49 of 2nd period - Shot Misses the Net.
15:53 of 2nd period - Shot by Mats Zuccarello.
15:53 of 2nd period - Shot Misses the Net.
15:55 of 2nd period - Shot by Mathieu Darche.
15:55 of 2nd period - Shot Misses the Net.
15:57 of 2nd period - Shot by Mathieu Darche.
15:57 of 2nd period - Shot Misses the Net.
15:59 of 2nd period - Shot by Anton Babchuk.
15:59 of 2nd period - Shot Blocked by Braydon Coburn.
16:01 of 2nd period - Shot by Ron Hainsey.
16:01 of 2nd period - Shot Misses the Net.
16:03 of 2nd period - Shot by Anton Babchuk.
16:03 of 2nd period - Shot Misses the Net.
16:07 of 2nd period - Shot by Mats Zuccarello.
16:07 of 2nd period - Shot Misses the Net.
16:11 of 2nd period - Shot by Mathieu Darche.
16:11 of 2nd period - Shot Misses the Net.
16:43 of 2nd period - Darren Helm is hit by Brent Burns and loses puck.
16:48 of 2nd period - Shot by Tyler Kennedy.
16:48 of 2nd period - Stopped by Pekka Rinne without a rebound.
16:49 of 2nd period - Nicklas Backstrom wins face-off versus Jay McClement in Predators zone.
17:01 of 2nd period - Nicklas Backstrom is hit by Chris Campoli and loses puck.
18:17 of 2nd period - Patric Hornqvist is hit by P.K. Subban.
18:20 of 2nd period - Minor Penalty to Mattias Ohlund for Interference.
18:21 of 2nd period - Darren Helm wins face-off versus Paul Gaustad in BlackHawks zone.
18:42 of 2nd period - Shot by Chad LaRose.
18:42 of 2nd period - Shot Blocked by Chris Campoli.
19:58 of 2nd period - Shot by Steven Stamkos.
19:58 of 2nd period - Shot Misses the Net.

Period #3

0:01 of 3rd period - Mikhail Grabovski wins face-off versus Darren Helm in neutral zone.
0:20 of 3rd period - Minor Penalty to Ron Hainsey for Hooking.
0:21 of 3rd period - Nicklas Backstrom wins face-off versus Darren Helm in BlackHawks zone.
0:48 of 3rd period - Shot by Brent Burns.
0:48 of 3rd period - Shot Blocked by Jay McClement.
0:50 of 3rd period - Shot by Brent Burns.
0:50 of 3rd period - Deflect By Jeff Carter.
0:50 of 3rd period - Stopped by Braden Holtby without a rebound.
0:51 of 3rd period - Jay McClement wins face-off versus Mikhail Grabovski in BlackHawks zone.
1:06 of 3rd period - Shot by Shea Weber.
1:06 of 3rd period - Stopped by Braden Holtby without a rebound.
1:07 of 3rd period - Darren Helm wins face-off versus Mikhail Grabovski in BlackHawks zone.
1:17 of 3rd period - Shea Weber is hit by Chris Campoli and loses puck.
1:22 of 3rd period - Shot by Steven Stamkos.
1:22 of 3rd period - Stopped by Braden Holtby without a rebound.
1:23 of 3rd period - Simon Gagne wins face-off versus Darren Helm in BlackHawks zone.
1:40 of 3rd period - Shot by Simon Gagne.
1:40 of 3rd period - Stopped by Braden Holtby without a rebound.
1:41 of 3rd period - Jay McClement wins face-off versus Mikhail Grabovski in BlackHawks zone.
1:41 of 3rd period - Jay McClement is hit by Marian Gaborik.
2:06 of 3rd period - Shot by Mikhail Grabovski.
2:06 of 3rd period - Stopped by Braden Holtby without a rebound.
2:07 of 3rd period - Nicklas Backstrom wins face-off versus Darren Helm in BlackHawks zone.
2:26 of 3rd period - Shot by Patric Hornqvist.
2:26 of 3rd period - Shot Misses the Net.
2:28 of 3rd period - Shot by Nicklas Backstrom.
2:28 of 3rd period - Goal by Nicklas Backstrom - Predators : 3 - BlackHawks : 0.
2:29 of 3rd period - Joe Thornton wins face-off versus Paul Gaustad in neutral zone.
2:29 of 3rd period - Minor Penalty to Brandon Prust for Roughing.
2:30 of 3rd period - T.J. Galiardi wins face-off versus Bryan Little in Predators zone.
2:52 of 3rd period - Minor Penalty to Paul Gaustad for Slashing.
2:53 of 3rd period - Nicklas Backstrom wins face-off versus Joe Thornton in Predators zone.
3:02 of 3rd period - Shot by P.K. Subban.
3:02 of 3rd period - Shot Blocked by Jeff Woywitka.
3:06 of 3rd period - Shot by Anton Babchuk.
3:06 of 3rd period - Shot Blocked by Jeff Woywitka.
3:08 of 3rd period - Shot by Tyler Kennedy.
3:08 of 3rd period - Shot Misses the Net.
3:10 of 3rd period - Shot by P.K. Subban.
3:10 of 3rd period - Stopped by Pekka Rinne without a rebound.
3:11 of 3rd period - Bryan Little wins face-off versus T.J. Galiardi in Predators zone.
3:13 of 3rd period - Minor Penalty to Brent Burns for Hooking.
3:14 of 3rd period - Bryan Little wins face-off versus T.J. Galiardi in Predators zone.
3:25 of 3rd period - Shot by Mats Zuccarello.
3:25 of 3rd period - Shot Misses the Net.
3:29 of 3rd period - Shot by Bryan Little.
3:29 of 3rd period - Stopped by Pekka Rinne without a rebound.
3:30 of 3rd period - Joe Thornton wins face-off versus Nicklas Backstrom in Predators zone.
3:30 of 3rd period - Joe Thornton is hit by Braydon Coburn.
4:04 of 3rd period - Shot by P.K. Subban.
4:04 of 3rd period - Stopped by Pekka Rinne without a rebound.
4:05 of 3rd period - Nicklas Backstrom wins face-off versus Bryan Little in Predators zone.
5:17 of 3rd period - Shot by Samuel Pahlsson.
5:17 of 3rd period - Deflect By Chris Neil.
5:17 of 3rd period - Shot Hit the Post.
5:21 of 3rd period - Shot by Daniel Paille.
5:21 of 3rd period - Shot Misses the Net.
5:23 of 3rd period - Shot by Samuel Pahlsson.
5:23 of 3rd period - Stopped by Pekka Rinne without a rebound.
5:24 of 3rd period - Mikhail Grabovski wins face-off versus Joe Thornton in Predators zone.
5:24 of 3rd period - Mikhail Grabovski is hit by Darren Helm.
5:29 of 3rd period - Steven Stamkos is hit by Mattias Ohlund and loses puck.
5:37 of 3rd period - Jeff Carter is hit by Mattias Ohlund and loses puck.
5:57 of 3rd period - Brent Burns is hit by Darren Helm and loses puck.
7:00 of 3rd period - Nicklas Backstrom is hit by Mats Zuccarello and loses puck.
7:27 of 3rd period - Shot by Simon Gagne.
7:27 of 3rd period - Stopped by Braden Holtby without a rebound.
7:28 of 3rd period - Samuel Pahlsson wins face-off versus Nicklas Backstrom in BlackHawks zone.
7:41 of 3rd period - Shot by Patric Hornqvist.
7:41 of 3rd period - Stopped by Braden Holtby with a rebound.
8:40 of 3rd period - Mathieu Darche is hit by Simon Gagne and loses puck.
8:48 of 3rd period - Minor Penalty to Brandon Prust for Hooking.
8:49 of 3rd period - Joe Thornton wins face-off versus T.J. Galiardi in Predators zone.
9:05 of 3rd period - Minor Penalty to Brent Burns for Hooking.
9:06 of 3rd period - Joe Thornton wins face-off versus Paul Gaustad in Predators zone.
9:21 of 3rd period - Shot by Joe Thornton.
9:21 of 3rd period - Shot Blocked by Braydon Coburn.
9:41 of 3rd period - Icing by Mattias Ohlund.
9:42 of 3rd period - T.J. Galiardi wins face-off versus Joe Thornton in BlackHawks zone.
9:42 of 3rd period - T.J. Galiardi is hit by Mattias Ohlund.
10:36 of 3rd period - Shot by P.K. Subban.
10:36 of 3rd period - Shot Blocked by Braydon Coburn.
10:38 of 3rd period - Shot by Mark Eaton.
10:38 of 3rd period - Shot Misses the Net.
10:42 of 3rd period - Shot by P.K. Subban.
10:42 of 3rd period - Shot Blocked by Jeff Woywitka.
10:46 of 3rd period - Shot by P.K. Subban.
10:46 of 3rd period - Shot Blocked by Braydon Coburn.
10:50 of 3rd period - Shot by Sean Avery.
10:50 of 3rd period - Shot Misses the Net.
10:52 of 3rd period - Shot by Mark Eaton.
10:52 of 3rd period - Shot Hit the Post.
10:54 of 3rd period - Shot by Cody McCormick.
10:54 of 3rd period - Stopped by Pekka Rinne with a rebound.
10:56 of 3rd period - Shot by Joe Thornton.
10:56 of 3rd period - Stopped by Pekka Rinne without a rebound.
10:57 of 3rd period - Chad LaRose wins face-off versus Bryan Little in Predators zone.
11:12 of 3rd period - Shot by Jeff Carter.
11:12 of 3rd period - Stopped by Braden Holtby with a rebound.
11:18 of 3rd period - Shot by Jeff Carter.
11:18 of 3rd period - Stopped by Braden Holtby with a rebound.
11:22 of 3rd period - Shot by Steven Stamkos.
11:22 of 3rd period - Deflect By Jeff Carter.
11:22 of 3rd period - Stopped by Braden Holtby without a rebound.
11:23 of 3rd period - Paul Gaustad wins face-off versus Jay McClement in BlackHawks zone.
12:04 of 3rd period - Shea Weber is hit by Chris Neil and loses puck.
12:22 of 3rd period - Icing by Steven Stamkos.
12:23 of 3rd period - Mikhail Grabovski wins face-off versus Bryan Little in Predators zone.
12:52 of 3rd period - Shot by Mathieu Darche.
12:52 of 3rd period - Shot Misses the Net.
13:08 of 3rd period - Shot by Patric Hornqvist.
13:08 of 3rd period - Stopped by Braden Holtby without a rebound.
13:09 of 3rd period - Nicklas Backstrom wins face-off versus Joe Thornton in BlackHawks zone.
13:20 of 3rd period - P.K. Subban is hit by Simon Gagne and loses puck.
13:24 of 3rd period - Minor Penalty to Joe Thornton for Tripping.
13:25 of 3rd period - Nicklas Backstrom wins face-off versus Jay McClement in BlackHawks zone.
13:26 of 3rd period - Shot by Tomas Kaberle.
13:26 of 3rd period - Stopped by Braden Holtby without a rebound.
13:27 of 3rd period - Nicklas Backstrom wins face-off versus Jay McClement in BlackHawks zone.
13:48 of 3rd period - Shot by Nicklas Backstrom.
13:48 of 3rd period - Stopped by Braden Holtby with a rebound.
13:50 of 3rd period - Shot by Tomas Kaberle.
13:50 of 3rd period - Stopped by Braden Holtby without a rebound.
13:51 of 3rd period - Darren Helm wins face-off versus Mikhail Grabovski in BlackHawks zone.
13:51 of 3rd period - Darren Helm is hit by Steven Stamkos.
14:43 of 3rd period - Samuel Pahlsson is hit by Jeff Carter and loses puck.
14:50 of 3rd period - Shot by Nicklas Backstrom.
14:50 of 3rd period - Shot Misses the Net.
14:52 of 3rd period - Shot by Jeff Carter.
14:52 of 3rd period - Shot Misses the Net.
14:54 of 3rd period - Shot by Nicklas Backstrom.
14:54 of 3rd period - Stopped by Braden Holtby without a rebound.
14:55 of 3rd period - Nicklas Backstrom wins face-off versus Darren Helm in BlackHawks zone.
15:12 of 3rd period - Shot by Nicklas Backstrom.
15:12 of 3rd period - Shot Hit the Post.
15:29 of 3rd period - P.K. Subban is hit by Shea Weber and loses puck.
15:36 of 3rd period - Shot by Mathieu Darche.
15:36 of 3rd period - Shot Misses the Net.
15:38 of 3rd period - Shot by P.K. Subban.
15:38 of 3rd period - Shot Blocked by Tomas Kaberle.
15:42 of 3rd period - Shot by Bryan Little.
15:42 of 3rd period - Stopped by Pekka Rinne with a rebound.
15:44 of 3rd period - Shot by Bryan Little.
15:44 of 3rd period - Stopped by Pekka Rinne without a rebound.
15:45 of 3rd period - Patric Hornqvist wins face-off versus Jay McClement in Predators zone.
17:41 of 3rd period - Minor Penalty to Ron Hainsey for Hooking.
17:42 of 3rd period - Darren Helm wins face-off versus Mikhail Grabovski in BlackHawks zone.
18:29 of 3rd period - Shot by Nicklas Backstrom.
18:29 of 3rd period - Stopped by Braden Holtby without a rebound.
18:30 of 3rd period - Nicklas Backstrom wins face-off versus Darren Helm in BlackHawks zone.
19:23 of 3rd period - Shot by Steven Stamkos.
19:23 of 3rd period - Stopped by Braden Holtby with a rebound.
19:25 of 3rd period - Shot by Marian Gaborik.
19:25 of 3rd period - Shot Misses the Net.
19:27 of 3rd period - Shot by Shea Weber.
19:27 of 3rd period - Stopped by Braden Holtby without a rebound.
19:28 of 3rd period - Jay McClement wins face-off versus Nicklas Backstrom in BlackHawks zone.


Output by the SimonT Hockey Simulator (STHS) for Stephane Roy -- Original Page W3C XHTML 1.0 Valid